 Dungeon Crawl Stone Soup version 0.28-a0-43-g560ac104fe (webtiles) character file.

Game seed: 13422693316434372484

212 Demosthentine the Poker (level 5, -3/42 HPs)
             Began as a Merfolk Gladiator on July 28, 2021.
             Was a Follower of Zin.
             Succumbed to a water moccasin's poison
             ... on level 4 of the Dungeon.
             The game lasted 00:03:29 (3315 turns).

Demosthentine the Poker (Merfolk Gladiator)         Turns: 3315, Time: 00:03:30

Health: -3/42      AC:  7    Str: 21    XL:     5   Next: 89%
Magic:  5/5        EV: 14    Int:  7    God:    Zin [*.....]
Gold:   111        SH:  0    Dex: 16    Spells: 4/4 levels left

rFire   . . .      SeeInvis .   a - +0 trident
rCold   . . .      Faith    .   (no shield)
rNeg    . . .      Spirit   .   b - +0 leather armour
rPois   .          Reflect  .   c - +0 helmet
rElec   .          Harm     .   f - +0 cloak
rCorr   .          Rampage  .   i - +1 pair of gloves
Will    .....                   (no boots)
Stlth   +.........              (no amulet)
HPRegen 0.14/turn               n - +6 ring of strength
MPRegen 0.09/turn               (no ring)

@: lethally poisoned (-3 -> -25)
A: (nimble swimmer 2), mertail
a: Renounce Religion, Recite, Donate Gold


You were on level 4 of the Dungeon.
You worshipped Zin.
Zin was aware of your devotion.
You visited 1 branch of the dungeon, and saw 4 of its levels.

You collected 123 gold pieces.
You donated 12 gold pieces to Zin.

Inventory:

Hand Weapons
 a - a +0 trident (weapon)
Missiles
 d - a throwing net (quivered)
Armour
 b - a +0 leather armour (worn)
 c - a +0 helmet (worn)
 f - a +0 cloak (worn)
 i - a +1 pair of gloves (worn)
Jewellery
 n - a +6 ring of strength (left hand)
Wands
 h - a wand of paralysis (3)
 m - a wand of polymorph (8)
Scrolls
 e - 3 scrolls of amnesia
 g - a scroll of teleportation
 k - 3 scrolls of enchant armour
 p - a scroll of identify
Potions
 j - a potion of might
 l - a potion of lignification
 o - a potion of flight


   Skills:
 + Level 3.7 Fighting
 + Level 5.9 Polearms
 - Level 2.0 Throwing
 + Level 1.8 Armour
 + Level 5.4 Dodging


You had 4 spell levels left.
You didn't know any spells.
Your spell library contained the following spells:

 Spells                   Type           Power      Damage    Failure   Level
 Sandblast                Erth           0%         2d4       47%         1
 Shock                    Conj/Air       0%         1d3       47%         1
 Passwall                 Tmut/Erth      0%         N/A       63%         2
 Slow                     Hex            0%         N/A       63%         2
 Confusing Touch          Hex            0%         N/A       85%         3
 Summon Guardian Golem    Hex/Summ       0%         N/A       85%         3
 Swiftness                Air            0%         N/A       85%         3
 Airstrike                Air            0%         N/A       99%         4
 Lee's Rapid Deconstruct  Erth           0%         3d5*      100%        5
 Yara's Violent Unravell  Hex/Tmut       0%         3d3       100%        5
 Orb of Destruction       Conj           0%         N/A       100%        7
 Spellforged Servitor     Conj/Summ      0%         N/A       100%        7


Dungeon Overview and Level Annotations

Branches:
Dungeon (4/15)
 Temple: D:4-7

Altars:
Zin

Shops:
D:1 (=[[:   D:3 [(((


Innate Abilities, Weirdness & Mutations

((You are quick and stealthy near water. (Stealth+, EV+, Speed+++)))
Your lower body shifts to a powerful aquatic tail in water.


Message History

Throw: 3 throwing nets
Press: ? - help, Q - select action, (/) - cycle Shift-Dir - straight line, f - water moccasin
Aim: a water moccasin (almost dead, 44% to hit)
You throw a throwing net.
The throwing net barely misses the water moccasin.
* * * LOW HITPOINT WARNING * * *
You feel sick.
The water moccasin bites you but does no damage.
Throw: 2 throwing nets
Press: ? - help, Q - select action, (/) - cycle Shift-Dir - straight line, f/p - water moccasin
Aim: a water moccasin (almost dead, 44% to hit)
You throw a throwing net.
The throwing net hits the water moccasin.
The water moccasin is caught in the net!
The water moccasin is almost dead.
* * * LOW HITPOINT WARNING * * *
You feel sick.
The water moccasin struggles against the net. x2
You hit the water moccasin but do no damage.
The water moccasin is almost dead.
* * * LOW HITPOINT WARNING * * *
You feel sick.
The water moccasin struggles against the net.
You hit the water moccasin.
The water moccasin is almost dead.
* * * LOW HITPOINT WARNING * * *
You feel sick.
The water moccasin struggles against the net. x2
The net rips apart, and the water moccasin comes free!
Unknown command.
You barely miss the water moccasin.
The water moccasin is almost dead.
* * * LOW HITPOINT WARNING * * *
You feel sick. The water moccasin bites you. Zin protects you from harm!
You are more poisoned.
The water moccasin poisons you!
You hit the water moccasin.
You kill the water moccasin!
You die...

# #. ############
##.##..........#
###...#.##.###.#.#
....... #.#..(..######
##.....###.......(....#
(....$†@........#####.#
.#.#.#.###.####.# #.##
..# #.# #.# #... ...#
#.# #.# #.## ..... ..#
#.# #.# ..#. #.# #..
..# . . #.# #.# #### .#
#.# #.# #.#


There were no monsters in sight!

Vanquished Creatures
  A water moccasin (D:4)
  Ijyb (D:3)
  2 orc wizards (D:3)
  Robin (D:2)
  7 adders
  A dart slug (D:4)
  3 orcs (D:3)
  3 ball pythons (D:3)
  7 endoplasms
  6 giant cockroaches
  7 goblins
  2 hobgoblins
  3 jackals (D:1)
  5 kobolds
  2 quokkas (D:1)
  4 bats
  A frilled lizard (D:1)
  2 rats
58 creatures vanquished.

Notes
Turn   | Place    | Note
-------+----------+-------------------------------------------
     0 | D:1      | Demosthentine the Merfolk Gladiator began the quest for the
                  | Orb.
     0 | D:1      | Reached XP level 1. HP: 16/16 MP: 1/1
    73 | D:1      | Found Tuhutilo's Jewellery Shop.
    88 | D:1      | Reached XP level 2. HP: 23/23 MP: 2/2
   329 | D:1      | Found Atywost's Book Emporium.
   351 | D:1      | Found Xucuetig's Antique Armour Shoppe.
   380 | D:1      | Found a faded altar of an unknown god.
   522 | D:1      | Found Appaecou's Weapon Emporium.
   681 | D:1      | Found Suc Rix's Armour Shop.
   842 | D:2      | Noticed Robin
   846 | D:2      | Killed Robin
   847 | D:2      | Reached XP level 3. HP: 25/28 MP: 3/3
  1185 | D:2      | Reached skill level 5 in Polearms
  1205 | D:2      | Reached skill level 1 in Armour
  1316 | D:2      | Reached XP level 4. HP: 29/34 MP: 4/4
  1868 | D:3      | Found a glowing silver altar of Zin.
  1925 | D:3      | Became a worshipper of Zin the Law-Giver
  1953 | D:3      | Found Wenk's Weapon Emporium.
  2101 | D:3      | Reached skill level 5 in Dodging
  2109 | D:3      | Reached XP level 5. HP: 33/41 MP: 5/5
  2363 | D:3      | Reached * piety under Zin
  2493 | D:3      | Noticed Ijyb
  2508 | D:3      | Paralysed by Ijyb for 2 turns
  2511 | D:3      | Killed Ijyb
  2602 | D:3      | Found Otarog's Weapon Shoppe.
  2865 | D:3      | Found Tiusk's Weapon Boutique.
  3132 | D:3      | Found Heliylom's Armour Shoppe.
  3295 | D:4      | Noticed a water moccasin
  3313 | D:4      | HP: 2/42 [poisoned by a water moccasin]
  3314 | D:4      | Zin protects you from harm!
  3315 | D:4      | Killed a water moccasin
  3315 | D:4      | Succumbed to a water moccasin's poison

Illustrated notes

Levels and vault maps discovered:
D:1:      minmay_arrival_semitransparent, layout_loops_ring, serial_shops, shop,
          shop, shop, shop, shop, dreamdust_ecumenical_altar_hidden_monk_grotto
D:2:      layout_loops_ring, minmay_bisected, uniq_robin
D:3:      layout_loops_ring, mainiacjoe_overflow_boulevard, serial_shops, shop,
          shop, nicolae_shop_crystal, shop, uniq_ijyb
D:4:      layout_loops_ring

Skill      XL: |  1  2  3  4 |
---------------+-------------+-----
Polearms       | 5 |  5.9
Armour         | 1 |  1.8
Fighting       | 3 |  3.7
Dodging        | 5 |  5.4
Throwing       | |  2.0

Action                   |  1- 3 |  4- 6 || total
-------------------------+-------+-------++-------
Melee: Trident           |   118 |   138 ||   256
Throw: Throwing net      |       |     2 ||     2
  Use: Scroll            |     6 |     3 ||     9
 Stab: Sleeping          |     2 |     4 ||     6
       Distracted        |       |     1 ||     1
Armor: Leather armour    |    43 |    29 ||    72
Dodge: Dodged            |    59 |    61 ||   120

Table legend: (Time is in decaauts)
 A = Elapsed time spent in this place.
 B = Non-inter-level travel time spent in this place.
 C = Inter-level travel time spent in this place.
 D = Time resting spent in this place.
 E = Time spent auto-exploring this place.
 F = Levels seen in this place.
 G = Mean time per level.
                   A        B        C        D        E       F      G
               +--------+--------+--------+--------+--------+-----+--------+
         Total |   3325 |   3209 |    116 |    144 |   2577 |   4 |  831.2 |
       Dungeon |   3325 |   3209 |    116 |    144 |   2577 |   4 |  831.2 |
               +--------+--------+--------+--------+--------+-----+--------+

Top non-repeatable levels by time:
     D:3: 1306 daAuts
     D:1: 1001 daAuts
     D:2: 868 daAuts
     D:4: 149 daAuts
